 Dungeon Crawl Stone Soup version 0.29-a0-885-gb26ba3297d (webtiles) character file.

Game seed: 9706996438386795717

280 Nato the Conjurer (level 6, -1/36 HPs)
             Began as an Octopode Conjurer on July 21, 2022.
             Was an Initiate of Ashenzari.
             Slain by a black bear (3 damage)
             ... on level 4 of the Dungeon.
             The game lasted 00:11:45 (4755 turns).

Nato the Conjurer (Octopode Conjurer)               Turns: 4755, Time: 00:11:46

Health: -1/36      AC:  1    Str:  6    XL:     6   Next: 27%
Magic:  13/13      EV: 13    Int: 22    God:    Ashenzari [......]
Gold:   201        SH:  0    Dex: 17    Spells: 14/15 levels left

rFire   . . .      SeeInvis .   i - +0 spear (venom)
rCold   . . .      Faith    .   (no shield)
rNeg    . . .      Spirit   .   (helmet restricted)
rPois   .          Reflect  .   (no amulet)
rElec   .          Harm     .   b - +6 ring of dexterity
rCorr   .          Rampage  .   (no ring)
Will    .....                   (no ring)
Stlth   ++........              (no ring)
HPRegen 0.12/turn               (no ring)
MPRegen 0.13/turn               (no ring)
                                (no ring)
                                (no ring)

@: silenced
A: almost no armour, amphibious, 8 rings, camouflage 1, gelatinous body 1,
(nimble swimmer 1), tentacles
a: Renounce Religion


You were on level 4 of the Dungeon.
You worshipped Ashenzari.
Ashenzari was noncommittal.
You visited 1 branch of the dungeon, and saw 4 of its levels.

You collected 201 gold pieces.

Inventory:

Hand Weapons
 i - a +0 spear of venom (weapon)
Missiles
 j - 2 javelins
Magical Staves
 o - a staff of poison
 q - a staff of cold
Jewellery
 b - a +6 ring of dexterity (left tentacle)
Scrolls
 c - 2 scrolls of identify {unknown}
 d - 2 scrolls of enchant weapon {unknown}
 g - 2 scrolls of poison {unknown}
 h - 2 scrolls of magic mapping {unknown}
Potions
 a - a potion of magic
 k - 2 potions of haste
 l - 3 potions of might
 s - a potion of cancellation {unknown}


   Skills:
 - Level 2.0 Dodging
 - Level 2.6 Stealth
 - Level 5.0 Spellcasting
 + Level 5.3 Conjurations


You had 14 spell levels left.
You knew the following spells:

 Your Spells              Type           Power      Damage    Failure   Level
a - Magic Dart            Conj           100%       1d8       1%          1

Your spell library contained the following spells:

 Spells                   Type           Power      Damage    Failure   Level
 Searing Ray              Conj           56%        2d6       1%          2
 Apportation              Tloc           10%        N/A       10%         1
 Necrotise                Necr           20%        1d5       10%         1
 Summon Small Mammal      Summ           20%        N/A       10%         1
 Dazzling Flash           Conj/Hex       34%        N/A       11%         3
 Fulminant Prism          Conj/Hex       8%         3d7       34%         4
 Iskenderun's Mystic Bla  Conj/Tloc      17%        2d5       34%         4
 Petrify                  Tmut/Erth      5%         N/A       69%         4
 Metabolic Englaciation   Hex/Ice        2%         N/A       95%         5
 Statue Form              Tmut/Erth      3%         N/A       100%        6


Dungeon Overview and Level Annotations

Branches:
Dungeon (4/15)
 Temple: D:4-7

Altars:
Ashenzari
Kikubaaqudgha
Nemelex Xobeh

Shops:
D:1 [   D:2 (

Annotations:
D:4 1 runed translucent door, Crazy Yiuf, Dowan


Innate Abilities, Weirdness & Mutations

You cannot wear most types of armour.
You are amphibious.
You can wear up to eight rings at the same time.
Your skin changes colour to match your surroundings (Stealth+).
Your rubbery body absorbs attacks. (AC +1, EV +1)
((You are camouflaged when in or above water. (Stealth+)))
You have tentacles for arms and can constrict up to eight enemies at once.


Message History

You start resting.
You start resting.
A black bear is nearby!
A black bear is nearby!
You start resting.
A black bear is nearby!
A black bear is nearby!
The black bear growls angrily.
As you read the scroll labelled MENLU IXEM, it crumbles to dust.
It is a scroll of enchant armour.
You aren't carrying any armour which can be enchanted further.
As you read the scroll labelled VUATTEZXIORE, it crumbles to dust.
The scroll dissolves into smoke.
It was a scroll of fog.
As you read the scroll labelled BOZYIPRANIAR, it crumbles to dust.
It is a scroll of amnesia.
Okay, then.
As you read the scroll labelled RUAKHEXIOLI, it crumbles to dust.
A profound silence engulfs you.
It was a scroll of silence.
The black bear bites you! The black bear completely misses you.
The black bear claws you.
You cannot cast spells when silenced!
You are too injured to fight recklessly!
You hit the black bear.
The black bear is poisoned.
You grab the black bear.
The black bear is lightly wounded.
You constrict the black bear. The black bear bites you.
The black bear claws you.
* * * LOW HITPOINT WARNING * * *
The black bear completely misses you.
You hit the black bear but do no damage.
The black bear looks as sick as possible!
The black bear is lightly wounded.
You constrict the black bear. The black bear bites you.
* * * LOW HITPOINT WARNING * * *
The black bear misses you. The black bear claws you.
* * * LOW HITPOINT WARNING * * *
You hit the black bear.
The black bear looks as sick as possible!
The black bear is moderately wounded.
You constrict the black bear. The black bear bites you.
You die...

.#......# #..#
#....#..# #..#
........# #..#
.....##.## ##...
.........# #....
#.#.###..#
##.###.###
.....§...##
#.........
.≈≈§≈§§..)########
....###.#.#
≈§§≈§≈.#..h.§§h@#
## #..#..
≈≈§§≈≈h..########
#..#[. ≈≈>_≈≈.###
##### #..#..
≈§≈≈≈≈.# #..)#
#..#.# ≈≈≈≈§≈.
#...# ##....
§.....! ... #.###
## #+# #.... ♣♣.♣
##### ♣.♣♣ ######


You could see a black bear (unsilenced, extremely poisoned).

Vanquished Creatures
  A scorpion (D:4)
  An orc wizard (D:3)
  A hound zombie (D:3)
  3 gnolls (D:2)
  5 adders
  2 worms
  3 dart slugs
  5 orcs
  5 bats
  5 endoplasms
  2 giant cockroaches
  11 hobgoblins
  10 kobolds
  2 quokkas
  7 ball pythons
  A ball python skeleton (D:3)
  A ball python zombie (D:3)
  5 frilled lizards
  A giant cockroach zombie (D:3)
  8 goblins
  8 rats
87 creatures vanquished.

Vanquished Creatures (others)
  6 toadstools (D:2)
  2 withered plants (D:3)
8 creatures vanquished.

Grand Total: 95 creatures vanquished

Notes
Turn   | Place    | Note
-------+----------+-------------------------------------------
     0 | D:1      | Nato the Octopode Conjurer began the quest for the Orb.
     0 | D:1      | Reached XP level 1. HP: 11/11 MP: 3/3
   200 | D:1      | You fall into a shaft and drop 1 floor!
   227 | D:2      | Found a faded altar of an unknown god.
   242 | D:2      | Reached XP level 2. HP: 17/17 MP: 1/5
   983 | D:1      | Found Jagacuont's Antique Armour Emporium.
  1294 | D:2      | Reached XP level 3. HP: 21/21 MP: 5/7
  1668 | D:3      | Found an ancient bone altar of Kikubaaqudgha.
  1792 | D:3      | Reached XP level 4. HP: 27/27 MP: 3/10
  2215 | D:3      | Reached XP level 5. HP: 26/31 MP: 4/12
  3370 | D:2      | Reached skill level 5 in Spellcasting
  3571 | D:2      | Found Tatujeap's Antique Weapon Boutique.
  3884 | D:4      | Found a broken altar of Ashenzari.
  3926 | D:4      | Became a worshipper of Ashenzari the Shackled
  3968 | D:4      | Found a runed translucent door.
  3969 | D:4      | Noticed Crazy Yiuf
  4028 | D:4      | Noticed Dowan
  4287 | D:4      | Reached skill level 5 in Conjurations
  4287 | D:4      | Reached XP level 6. HP: 16/36 MP: 10/13
  4521 | D:4      | Noticed a black bear
  4535 | D:4      | Found a sparkling altar of Nemelex Xobeh.
  4755 | D:4      | Slain by a black bear

Illustrated notes

Levels and vault maps discovered:
D:1:      dpeg_arrival_round_a, layout_basic, serial_shops, shop_statue,
          minivault_23
D:2:      cheibrodos_fertilizer, layout_rooms, basic_ecumenical_altar,
          serial_shops, shop
D:3:      layout_rooms, mainiacjoe_overflow_24_doors, serial_undead,
          serial_undead_d, serial_undead_d, serial_undead_c, serial_undead_e,
          serial_undead_f, serial_undead_d, serial_undead_f
D:4:      layout_loops_ring, pdpol_temple_overflow_zin_treasury_gozag_greed,
          nicolae_qazlal_general_emergency, general_overflow_altar,
          mainiacjoe_overflow_cross_hatched, serial_shops, nicolae_shop_trees,
          nrook_loot_triangle, minmay_manual_mail, uniq_duvessa,
          uniq_crazy_yiuf_cottage

Skill      XL: |  1  2  3  4  5 |
---------------+----------------+-----
Spellcasting   | 3 4 5 |  5.0
Conjurations   | 5 |  5.3
Dodging        | |  2.0
Stealth        | |  2.6

Action                   |  1- 3 |  4- 6 || total
-------------------------+-------+-------++-------
Melee: Spear             |    12 |    44 ||    56
       Tentacles         |     2 |    14 ||    16
       Constrict         |     2 |     8 ||    10
       Punch             |       |     1 ||     1
 Cast: Magic Dart        |    64 |   101 ||   165
  Use: Scroll            |       |     5 ||     5
       Potion            |       |     3 ||     3
Armor: Skin              |       |     3 ||     3
Dodge: Dodged            |    11 |    40 ||    51

Table legend: (Time is in decaauts)
 A = Elapsed time spent in this place.
 B = Non-inter-level travel time spent in this place.
 C = Inter-level travel time spent in this place.
 D = Time resting spent in this place.
 E = Time spent auto-exploring this place.
 F = Levels seen in this place.
 G = Mean time per level.
                   A        B        C        D        E       F      G
               +--------+--------+--------+--------+--------+-----+--------+
         Total |   4745 |   4389 |    356 |   1302 |   2645 |   4 | 1186.2 |
       Dungeon |   4745 |   4389 |    356 |   1302 |   2645 |   4 | 1186.2 |
               +--------+--------+--------+--------+--------+-----+--------+

Top non-repeatable levels by time:
     D:3: 1745 daAuts
     D:1: 1113 daAuts
     D:2: 974 daAuts
     D:4: 912 daAuts
